 Dungeon Crawl Stone Soup version 0.31-a0-40-g1d5085d191 (webtiles) character file.

Game seed: 3954670644365168779

17962 pk666 the Thaumaturge (level 12, -8/59 HPs)
             Began as a Deep Elf Fire Elementalist on May 18, 2023.
             Was a High Priest of Vehumet.
             Mangled by a skyshark (19 damage)
             ... on level 3 of the Lair of Beasts.
             The game lasted 00:38:30 (15285 turns).

pk666 the Thaumaturge (Deep Elf Fire Elementalist) Turns: 15285, Time: 00:38:30

Health: -8/59      AC:  7    Str:  5    XL:     12   Next: 23%
Magic:  6/31       EV: 18    Int: 26    God:    Vehumet [*****.]
Gold:   1315       SH:  0    Dex: 15    Spells: 22/37 levels left

rFire   + . .        C - staff of conjuration
rCold   + . .        (no shield)
rNeg    . . .        j - +2 robe {rC+}
rPois   .            (no helmet)
rElec   .            K - +2 cloak
rCorr   .            (no gloves)
SInv    .            (no boots)
Will    +....        T - amulet of regeneration
Stlth   ++           d - ring of protection from cold
HPRegen 1.09/turn    q - ring of fire
MPRegen 0.22/turn

%: no passive effects
@: no status effects
A: no striking features
a: Renounce Religion


You were on level 3 of the Lair of Beasts.
You worshipped Vehumet.
Vehumet was extremely pleased with you.
You visited 4 branches of the dungeon, and saw 17 of its levels.

You collected 1461 gold pieces.
You spent 146 gold pieces at shops.

Inventory:

Armour
 j - a +2 robe of cold resistance (worn)
 K - a +2 cloak (worn)
Magical Staves
 C - a staff of conjuration (weapon)
Jewellery
 d - a ring of protection from cold (left hand)
 g - a +6 ring of strength
 o - a ring of ice
 q - a ring of fire (right hand)
 A - a ring of flight
 N - a ring of see invisible
 P - a ring of positive energy
 T - an amulet of regeneration (around neck)
Wands
 l - a wand of polymorph (12)
 n - a wand of flame (26)
 t - a wand of light (12)
 D - a wand of paralysis (8)
 F - a wand of mindburst (6)
 Q - a wand of roots (18)
 S - a wand of digging (2)
Scrolls
 b - a scroll of acquirement {unknown}
 c - a scroll of blinking
 e - a scroll of fog
 h - 3 scrolls of amnesia {unknown}
 i - 3 scrolls of magic mapping {unknown}
 k - 3 scrolls of vulnerability
 s - 4 scrolls of teleportation
 v - 3 scrolls of immolation {unknown}
 y - 3 scrolls of butterflies {unknown}
 B - a scroll of enchant armour {unknown}
 E - a scroll of enchant weapon {unknown}
 G - 4 scrolls of fear {unknown}
 J - 3 scrolls of silence
 L - a scroll of torment {unknown}
 M - a scroll of brand weapon {unknown}
Potions
 a - a potion of heal wounds {unknown}
 f - 12 potions of curing
 m - 3 potions of flight
 p - a potion of might {unknown}
 r - 4 potions of brilliance
 x - 2 potions of haste
 H - a potion of resistance {unknown}
 O - a potion of magic
 R - 3 potions of cancellation


   Skills:
 + Level 12.1 Dodging
 - Level 2.4 Stealth
 + Level 13.1 Spellcasting
 + Level 10.9 Conjurations
 + Level 11.4 Fire Magic
 + Level 4.3 Ice Magic
 - Level 2.0 Air Magic


You had 22 spell levels left.
You knew the following spells:

 Your Spells              Type           Power      Damage    Failure   Level
a - Foxfire               Conj/Fire      100%       2x1d9     1%          1
b - Scorch                Fire           100%       2d9       1%          2
c - Flame Wave            Conj/Fire      100%       2d21      1%          4
d - Mephitic Cloud        Conj/Pois/Air  56%        N/A       1%          3
e - Freezing Cloud        Conj/Ice/Air   31%        6-21      2%          5

Your spell library contained the following spells:

 Spells                   Type           Power      Damage    Failure   Level
 Frozen Ramparts          Ice            78%        1d12      1%          3
 Poisonous Vapours        Pois/Air       44%        N/A       1%          2
 Dazzling Flash           Conj/Hex       100%       N/A       1%          3
 Inner Flame              Hex/Fire       63%        N/A       1%          3
 Volatile Blastmotes      Fire/Tloc      100%       2d18      1%          3
 Sticky Flame             Conj/Fire      100%       2d11      1%          4
 Sting                    Tmut/Pois      68%        1d6       3%          1
 Olgreb's Toxic Radiance  Pois           17%        N/A       9%          4
 Portal Projectile        Hex/Tloc       34%        N/A       10%         3
 Tukima's Dance           Hex            17%        N/A       10%         3
 Silence                  Hex/Air        11%        N/A       52%         5
 Agony                    Necr           17%        N/A       67%         5
 Blade Hands              Tmut           8%         N/A       67%         5
 Summon Cactus Giant      Summ           8%         N/A       99%         6


Dungeon Overview and Level Annotations

Branches:
Dungeon (11/15)            Temple (0/1) D:4            Lair (4/5) D:10
 Shoals (0/4) Lair:3        Snake (1/4) Lair:2          Orc (1/2) D:9
  Slime: Lair:4-5

Altars:
Ashenzari
Dithmenos
Gozag
Nemelex Xobeh
Okawaru
Qazlal
Ru
Uskayaw
Vehumet
Wu Jian
Xom
Zin

Shops:
D:5 *   D:6 :   D:7 (   D:8 *

Annotations:
D:11 exclusion: cyclops
Orc:1 Erica


Message History

You feel a surge of power!
Flames lash the skyshark.
The skyshark is lightly wounded.
The skyshark's fire resistance burns away.
The wolf misses you. The wolf closely misses you.
Casting: Scorch (safe; 1% risk of failure)
Confirm with . or Enter, or press ? or * to list all spells.
Casting: Flame Wave (safe; 1% risk of failure)
Press: ? - help, Dir - look around, f - activate You feel a strong surge of power!
A wave of flame ripples out!
The flame wave engulfs the wolf.
The wolf is burned terribly!
The wolf is heavily wounded.
The flame wave engulfs the fungus!!
The fungus begins to die.
The fungus is lightly damaged. (Press . to intensify the flame waves.)
The wolf closely misses you. The wolf misses you.
A wave of flame ripples out!
The flame wave engulfs the wolf.
The wolf is burned terribly!
The wolf is severely wounded.
The flame wave engulfs the skyshark!!
The skyshark is burned terribly!
The skyshark is moderately wounded.
The flame wave engulfs the fungus!!
The fungus is moderately damaged.
The skyshark bites you!
* * * LOW HITPOINT WARNING * * *
The skyshark tastes blood and grows stronger!
The skyshark tail-slaps you.
* * * LOW HITPOINT WARNING * * *
The skyshark closely misses you. The wolf bites you.
* * * LOW HITPOINT WARNING * * *
A wave of flame ripples out!
The flame wave engulfs the wolf!!!
The wolf is burned terribly!
You kill the wolf!
Vehumet accepts your kill.
You feel your power returning.
The flame wave engulfs the skyshark!!
The skyshark is burned terribly!
The skyshark is severely wounded.
The flame wave engulfs the fungus!!
The fungus is moderately damaged.
The skyshark bites you!!
You die...

.P........................#.....#
......#.##.......................
.....##........................#.
...................>....P......P.
.................................
....#........P.........##.#......
.............##....##.....#......
...P................#............
...#.....P......@...#.÷...P#.....
.........#......lP...............
......................~~#....P...
..P...#..)......^...#....##..#...
#.#.......P#.......~.#~~~........
#.........##.......~#~..~~#...^..
...................~~~~>~~~..#...
...................##~~~~~#..#...
.......#.........†.~##~~~.##.....


You could see a skyshark (strong, combustible).

Vanquished Creatures
  Erolcha (D:10)
  2 hydras
  A two-headed ogre (D:9)
  Urug (D:10)
  Pikel (D:4)
  An oklob plant (Lair:1)
  An orc sorcerer (Orc:1)
  2 black mambas
  A water nymph (Lair:3)
  2 cane toads
  A komodo dragon (Lair:1)
  A hornet (D:10)
  3 blink frogs (Lair:3)
  7 dream sheep (Lair:3)
  A wraith (D:10)
  26 yaks
  3 wyverns
  A basilisk (Lair:4)
  6 vampire mosquitoes
  3 steam dragons
  5 water moccasins
  2 ice beasts (D:6)
  2 orc warriors
  2 sky beasts
  2 black bears (D:6)
  An ogre (D:6)
  4 wolves
  2 centaurs
  The ghost of bmj180 the Chiller, an amateur MfIE (D:3)
  A phantom (D:5)
  2 lemures (D:3)
  7 bullfrogs
  2 kobold brigands (D:7)
  4 scorpions
  3 wights (D:7)
  An electric eel (D:8)
  5 howler monkeys
  4 hounds
  7 orc priests
  11 jellies
  Ijyb (D:4)
  2 iguanas
  3 orc wizards
  4 hell rats (Lair:4)
  2 scorpion simulacra (D:3)
  A gnoll (D:10)
  11 adders
  2 shadow imps
  A white imp (D:6)
  3 worms
  3 dart slugs
  An adder simulacrum (D:3)
  28 orcs
  3 bats
  24 endoplasms
  3 giant cockroaches
  11 goblins
  8 hobgoblins
  20 jackals
  4 quokkas
  11 ball pythons
  A ball python simulacrum (D:3)
  3 frilled lizards
  A jackal simulacrum (D:3)
  20 kobolds
  9 rats
313 creatures vanquished.

Vanquished Creatures (others)
  548 foxfires
548 creatures vanquished.

Grand Total: 861 creatures vanquished

Notes
Turn   | Place    | Note
-------+----------+-------------------------------------------
     0 | D:1      | pk666 the Deep Elf Fire Elementalist began the quest for
                  | the Orb.
     0 | D:1      | Reached XP level 1. HP: 10/10 MP: 6/6
   440 | D:1      | Reached XP level 2. HP: 15/15 MP: 4/8
   528 | D:1      | Learned a level 2 spell: Scorch
   867 | D:1      | Reached XP level 3. HP: 19/19 MP: 7/10
  2394 | D:2      | Reached XP level 4. HP: 24/24 MP: 6/11
  2498 | D:2      | Learned a level 4 spell: Flame Wave
  2622 | D:2      | Reached skill level 4 in Spellcasting
  3004 | D:3      | Found a sparkling altar of Nemelex Xobeh.
  3160 | D:3      | Found a radiant altar of Vehumet.
  3186 | D:3      | Became a worshipper of Vehumet
  3479 | D:3      | Found a broken altar of Ashenzari.
  3503 | D:3      | Reached XP level 5. HP: 19/28 MP: 1/13
  3603 | D:3      | Noticed bmj180's ghost (amateur MfIE)
  3663 | D:3      | Found a runed translucent gate.
  3663 | D:3      | Found a runed translucent gate.
  3663 | D:3      | Found a runed translucent gate.
  3795 | D:3      | Found a faded altar of an unknown god.
  4081 | D:3      | Killed bmj180's ghost
  4082 | D:3      | Reached skill level 5 in Spellcasting
  4082 | D:3      | Reached XP level 6. HP: 32/32 MP: 6/15
  4197 | D:4      | Noticed Pikel
  4557 | D:4      | Found a staircase to the Ecumenical Temple.
  4685 | D:4      | Killed Pikel
  4686 | D:4      | Reached skill level 5 in Dodging
  4686 | D:4      | Reached skill level 6 in Spellcasting
  4686 | D:4      | Reached skill level 5 in Fire Magic
  4686 | D:4      | Reached XP level 7. HP: 26/36 MP: 6/18
  4803 | D:4      | Reached * piety under Vehumet
  4803 | D:4      | Offered knowledge of Magic Dart by Vehumet.
  4931 | D:4      | Found a sacrificial altar of Ru.
  5314 | D:4      | Found an ornate altar of the Wu Jian Council.
  5429 | D:4      | Noticed Ijyb
  5439 | D:4      | Killed Ijyb
  5651 | D:5      | Entered Level 5 of the Dungeon
  5690 | D:5      | Found Ohukut's General Store.
  5729 | D:5      | Reached skill level 5 in Conjurations
  5758 | D:5      | Bought a scroll of noise for 14 gold pieces
  5758 | D:5      | Bought a potion of lignification for 42 gold pieces
  5777 | D:5      | Reached XP level 8. HP: 41/41 MP: 13/20
  6033 | D:5      | Found a stormy altar of Qazlal.
  6163 | D:5      | Reached skill level 7 in Spellcasting
  6569 | D:6      | Offered knowledge of Static Discharge by Vehumet.
  6623 | D:6      | Reached ** piety under Vehumet
  6686 | D:6      | Found Daycim's Tremendous Tomes.
  6756 | D:6      | Found Zin's Purification Station.
  6758 | D:6      | Found a glowing silver altar of Zin.
  6764 | D:6      | Bought a potion of curing for 90 gold pieces
  6975 | D:6      | Reached skill level 8 in Spellcasting
  7048 | D:6      | Reached XP level 9. HP: 45/45 MP: 17/23
  7816 | D:7      | Offered knowledge of Hailstorm by Vehumet.
  7899 | D:7      | Found Fyskay's Weapon Shop.
  7911 | D:7      | Found a shadowy altar of Dithmenos.
  8225 | D:7      | Reached skill level 9 in Spellcasting
  8791 | D:8      | Found Bputwow's Bounteous Boutique.
  8958 | D:8      | Reached *** piety under Vehumet
  9372 | D:8      | Reached XP level 10. HP: 50/50 MP: 19/25
  9399 | D:7      | Reached skill level 10 in Spellcasting
  9917 | D:8      | Found an opulent altar of Gozag.
 10371 | D:9      | Identified the +7 flail of the Three Brambles {vamp, *Rage
                  | rPois rN+}
 10392 | D:9      | Offered knowledge of Airstrike by Vehumet.
 10494 | D:9      | Found a shimmering altar of Xom.
 10558 | D:9      | Noticed a two-headed ogre
 10592 | D:8      | Learned a level 3 spell: Mephitic Cloud
 10724 | D:9      | Found a flagged portal.
 10735 | D:9      | Killed a two-headed ogre
 10736 | D:9      | Reached skill level 10 in Dodging
 10736 | D:9      | Reached skill level 11 in Spellcasting
 11046 | D:9      | Found a staircase to the Orcish Mines.
 11226 | D:10     | Entered Level 10 of the Dungeon
 11226 | D:10     | Noticed a +0 spear
 11226 | D:10     | Noticed a +0 falchion
 11253 | D:10     | Noticed a +0 dagger
 11253 | D:10     | Noticed a +0 falchion
 11253 | D:10     | Noticed a +0 spear
 11255 | D:10     | Noticed a +0 short sword
 11257 | D:10     | Noticed a +0 dagger
 11261 | D:10     | Noticed a +0 short sword
 11522 | D:10     | Noticed Urug
 11526 | D:10     | HP: 2/50 [Urug/javelin (20)]
 11540 | D:10     | Killed Urug
 11541 | D:10     | Reached skill level 10 in Fire Magic
 11541 | D:10     | Reached XP level 11. HP: 6/54 MP: 11/28
 11742 | D:10     | Found a staircase to the Lair.
 11813 | D:10     | Noticed Erolcha
 11822 | D:10     | Killed Erolcha
 11928 | D:10     | Found a hide-covered altar of Uskayaw.
 11946 | D:10     | Found an iron altar of Okawaru.
 12160 | Lair:1   | Entered Level 1 of the Lair of Beasts
 12340 | D:11     | Noticed a skeletal warrior
 12368 | D:10     | Learned a level 5 spell: Freezing Cloud
 12389 | Orc:1    | Entered Level 1 of the Orcish Mines
 12389 | Orc:1    | Noticed Erica
 12389 | Orc:1    | Noticed an orc sorcerer
 12393 | Orc:1    | Killed an orc sorcerer
 12394 | Orc:1    | Reached skill level 1 in Ice Magic
 12564 | Lair:1   | Noticed an oklob plant
 12567 | Lair:1   | Reached **** piety under Vehumet
 12568 | Lair:1   | Offered knowledge of Frozen Ramparts by Vehumet.
 12571 | Lair:1   | Killed an oklob plant
 12635 | Lair:1   | Reached skill level 12 in Spellcasting
 12638 | Lair:1   | Reached skill level 1 in Air Magic
 12902 | Lair:1   | Reached skill level 10 in Conjurations
 13382 | Lair:2   | Noticed a seven-headed hydra
 13388 | Lair:2   | Killed a seven-headed hydra
 13819 | Lair:2   | Found a staircase to the Snake Pit.
 14262 | Lair:3   | Reached XP level 12. HP: 59/59 MP: 20/30
 14377 | Lair:3   | Found a staircase to the Shoals.
 14620 | Lair:3   | Reached skill level 13 in Spellcasting
 14981 | D:10     | Identified the +3 dagger of the Twenty Visionaries {vamp,
                  | rF++ rC+ Will- Dex+3}
 15072 | Snake:1  | Entered Level 1 of the Snake Pit
 15264 | Lair:4   | Noticed a seven-headed hydra
 15268 | Lair:4   | Killed a seven-headed hydra
 15271 | Lair:4   | Reached ***** piety under Vehumet
 15285 | Lair:3   | Mangled by a skyshark

Illustrated notes

Levels and vault maps discovered:
D:1:      dpeg_chamrin_arrival_tetris, layout_basic
D:2:      layout_loops_ring
D:3:      layout_loops_ring, lemuel_doored_altar, mainiacjoe_overflow_brackets,
          vehumet_altar_wand_db, gammafunk_ghost_icy,
          chequers_ecumenical_altar_twisty
D:4:      layout_basic, nzn_wu_jian_contemplation, hangedman_ru_absence,
          minmay_temple_entry_glassed_door, minivault_24,
          hangedman_abyss_or_decor_passed, grunt_ministairs_3,
          kennysheep_cluttered_room, uniq_pikel, uniq_ijyb
D:5:      layout_rooms, grunt_qazlal_clouds, serial_shops, nicolae_shop_trees
D:6:      layout_basic, zin_purify, gup_sewer_entry_spiral,
          nicolae_shop_i_like_big_books
D:7:      layout_basic, nicolae_dithmenos_through_a_glass_darkly, serial_shops,
          nicolae_shop_bloodbath_and_beyond, kennysheep_generic_room_3
D:8:      layout_basic, kennysheep_mini, nicolae_alphabet_shops,
          nrook_pool_corridor
D:9:      layout_loops_ring, general_overflow_altar, orc_0_dummy, enter_bailey_5
D:10:     layout_cave_pools, okawaru_altar_gauntlet_db,
          nicolae_uskayaw_en_pointe, lair_entry_dummy,
          nicolae_straight_to_the_point, uniq_erolcha, uniq_urug
D:11:     layout_gridville, uniq_psyche
Lair:1:   lemuel_slime, layout_cellular_growth
Lair:2:   layout_regular_city, dummy_snake_entry
Lair:3:   layout_cave_shapes, nicolae_shoals_entry_flooding
Lair:4:   layout_loops_ring, dpeg_slime_entry_enclosed,
          kennysheep_basilisk_garden
Snake:1:  layout_chambers, nicolae_snake_omega, grunt_megastairs_5, uniq_rupert,
          uniq_louise
Orc:1:    layout_caves, serial_shops, nicolae_shop_just_a_little_nook, shop,
          nicolae_shop_just_a_little_nook, uniq_fannar, uniq_erica

Skill      XL: |  1  2  3  4  5  6  7  8  9 10 11 12 |
---------------+-------------------------------------+-----
Dodging        | 3 4 5 6 7 9 10 11 12 | 12.1
Conjurations   | 2 3 4 5 6 8 9 10 | 10.9
Spellcasting   | 4 5 6 8 9 11 12 13 | 13.1
Fire Magic     | 4 5 6 7 8 10 11 | 11.4
Ice Magic      | 4 |  4.3
Air Magic      | 2 |  2.0
Stealth        | |  2.4

Action                     |  1- 3 |  4- 6 |  7- 9 | 10-12 || total
---------------------------+-------+-------+-------+-------++-------
  Melee: Staff             |       |       |       |     9 ||     9
   Cast: Foxfire           |   108 |    82 |   103 |    53 ||   346
         Scorch            |     9 |    27 |   117 |   113 ||   266
         Flame Wave        |       |       |     3 |     7 ||    10
         Mephitic Cloud    |       |       |       |    10 ||    10
         Freezing Cloud    |       |       |       |    39 ||    39
  Evoke: Wand              |       |       |       |     1 ||     1
    Use: Scroll            |       |     2 |     2 |     9 ||    13
         Potion            |       |     1 |       |     1 ||     2
 Armour: Robe              |     4 |     8 |     9 |    13 ||    34
         Skin              |       |       |       |     5 ||     5
  Dodge: Dodged            |    14 |    32 |    26 |    69 ||   141

Table legend: (Time is in decaauts)
 A = Elapsed time spent in this place.
 B = Non-inter-level travel time spent in this place.
 C = Inter-level travel time spent in this place.
 D = Time resting spent in this place.
 E = Time spent auto-exploring this place.
 F = Levels seen in this place.
 G = Mean time per level.
                   A        B        C        D        E       F      G
               +--------+--------+--------+--------+--------+-----+--------+
         Total |  15331 |  14402 |    929 |   3045 |   9387 |  17 |  901.8 |
       Dungeon |  12514 |  11783 |    731 |   2400 |   7730 |  11 | 1137.6 |
          Lair |   2810 |   2613 |    197 |    645 |   1656 |   4 |  702.5 |
     Snake Pit |      1 |      1 |      0 |      0 |      0 |   1 |    1.0 |
  Orcish Mines |      4 |      4 |      0 |      0 |      0 |   1 |    4.0 |
               +--------+--------+--------+--------+--------+-----+--------+

Top non-repeatable levels by time:
     D:1: 1617 daAuts
     D:8: 1520 daAuts
     D:3: 1493 daAuts
     D:7: 1368 daAuts
     D:4: 1275 daAuts
     D:2: 1263 daAuts
    D:10: 1114 daAuts
     D:6: 1047 daAuts
     D:9: 1045 daAuts
  Lair:2: 989 daAuts
  Lair:1: 948 daAuts
     D:5: 714 daAuts
  Lair:3: 706 daAuts
  Lair:4: 166 daAuts
    D:11: 54 daAuts
